 Dungeon Crawl Stone Soup version 0.29.1-2-gbd0b4ee654 (webtiles) character file.

Game seed: 4754118690387265123

28 xian the Conjurer (level 3, 0/14 HPs)
             Began as a Felid Conjurer on Nov 8, 2022.
             Slain by a kobold
             ... wielding a +0 club
              (5 damage)
             ... on level 1 of the Dungeon.
             The game lasted 00:01:15 (1003 turns).

xian the Conjurer (Felid Conjurer)                  Turns: 1003, Time: 00:01:16

Health: 0/14       AC:  1    Str:  3    XL:     3   Next: 0%
Magic:  0/7        EV: 17    Int: 21    God:
Gold:   25         SH:  0    Dex: 14    Spells: 3/6 levels left
                                        Lives:  0   Deaths: 0

rFire   . . .      SeeInvis +   (weapon unavailable)
rCold   . . .      Faith    .   (shield unavailable)
rNeg    . . .      Spirit   .   (body armour unavailable)
rPois   .          Reflect  .   (helmet unavailable)
rElec   .          Harm     .   (cloak unavailable)
rCorr   .          Rampage  .   (gloves unavailable)
Will    .....                   (boots unavailable)
Stlth   ++........              (no amulet)
HPRegen 0.04/turn               (no ring)
MPRegen 0.10/turn               (no ring)

@: quick
A: very small, claws 1, fangs 3, see invisible, speed 1, shaggy fur 1, stealthy
paws, no weapons or thrown items, no armour, multi-lived
a: no special abilities


You were on level 1 of the Dungeon.
You visited 1 branch of the dungeon, and saw 1 of its levels.

You collected 25 gold pieces.

Inventory:

Potions
 a - a potion of magic
 b - a potion of ambrosia {unknown}


   Skills:
 + Level 3.2 Dodging
 + Level 3.0 Stealth
 + Level 2.0 Spellcasting
 + Level 4.2 Conjurations


You had 3 spell levels left.
You knew the following spells:

 Your Spells              Type           Power      Damage    Failure   Level
a - Magic Dart            Conj           76%        1d6       2%          1
b - Searing Ray           Conj           38%        2d5       4%          2

Your spell library contained the following spells:

 Spells                   Type           Power      Damage    Failure   Level
 Summon Small Mammal      Summ           8%         N/A       14%         1
 Dazzling Flash           Conj/Hex       22%        N/A       19%         3
 Fulminant Prism          Conj/Hex       5%         3d7       52%         4
 Iskenderun's Mystic Bla  Conj/Tloc      11%        2d4       52%         4
 Summon Ice Beast         Ice/Summ       2%         N/A       82%         4
 Malign Gateway           Summ/Tloc      1%         N/A       100%        7
 Summon Horrible Things   Summ           1%         N/A       100%        8


Dungeon Overview and Level Annotations

Branches:
Dungeon (1/15)

Altars:


Innate Abilities, Weirdness & Mutations

You have sharp claws.
You have razor-sharp teeth.
You have supernaturally acute eyesight. (SInv)
You cover ground quickly. (Speed+)
You are covered in fur. (AC +1)
Your paws help you pounce on unaware monsters.
You are incapable of wielding weapons or throwing items.
You cannot wear armour.
You gain extra lives every three experience levels.


Message History

The jackal attacks as you move away! The jackal closely misses you.
A kobold comes into view. It is wielding a +0 club.
You barely miss the jackal.
The jackal is almost dead.
The jackal completely misses you.
You scratch the jackal.
You kill the jackal!
The jackal attacks as you move away! The jackal barely misses you. x2
Your magical contamination has completely faded away.
The jackal completely misses you. The jackal attacks as you move away!
The jackal closely misses you. The jackal attacks as you move away!
The jackal completely misses you. The jackal attacks as you move away!
The jackal completely misses you. The jackal bites you.
You scratch the jackal but do no damage.
The jackal completely misses you. The jackal attacks as you move away!
The jackal closely misses you.
You scratch the jackal.
The jackal is severely wounded.
The jackal closely misses you.
You scratch the jackal.
You kill the jackal!
The giant cockroach bites you.
You have reached level 3!
Your experience leads to an increase in your attributes!
Increase (S)trength, (I)ntelligence, or (D)exterity?
You feel clever. x2
Unknown command.
The magic dart hits the giant cockroach but does no damage.
The giant cockroach closely misses you.
The magic dart hits the giant cockroach.
The giant cockroach is moderately wounded.
The giant cockroach bites you. The giant cockroach closely misses you.
The kobold misses you.
You are too injured to fight recklessly!
You are too injured to fight recklessly!
Unknown command.
You closely miss the kobold. Your bite misses the kobold.
The giant cockroach bites you. The kobold hits you with a +0 club.
You die...

.....# #.# #..........#
.....# #.# #..........#
.....# #.# #..........#
.....### ###.# #..........#
####)..##...#.# #..†.......#
###...........# #..........#
##...|....... ###.#....####
##.........##.###B###.###.##
#..........#....@K.........##
..#..........##.###.###.##..#
####.......#.#.. ........#.##
# #####.#.#...##.###.##...# #
...#.#.#.. ....#.#.# .#
#....#... #.# ...#..# .# ..#
#.#.#.. #.#.#.## ... .. ..#
.. ...#...# .... ..# #.#.#


You could see a giant cockroach and a kobold.

Vanquished Creatures
  A dart slug (D:1)
  3 bats (D:1)
  An endoplasm (D:1)
  A giant cockroach (D:1)
  A goblin (D:1)
  2 hobgoblins (D:1)
  2 jackals (D:1)
  4 kobolds (D:1)
  A quokka (D:1)
  2 ball pythons (D:1)
  2 frilled lizards (D:1)
  4 rats (D:1)
24 creatures vanquished.

Notes
Turn   | Place    | Note
-------+----------+-------------------------------------------
     0 | D:1      | xian the Felid Conjurer began the quest for the Orb.
     0 | D:1      | Reached XP level 1. HP: 7/7 MP: 4/4
   322 | D:1      | Reached XP level 2. HP: 11/11 MP: 1/6
   325 | D:1      | Learned a level 2 spell: Searing Ray
   429 | D:1      | Got Bafamiw's Spellbook of Distorted Creation
   532 | D:1      | Reached skill level 4 in Conjurations
  1001 | D:1      | Reached XP level 3. HP: 8/14 MP: 2/7
  1003 | D:1      | Slain by a kobold

Illustrated notes

Levels and vault maps discovered:
D:1:      shiori_arrival_maze, layout_rooms,
          nicolae_concentric_dashed_squares_wild, patterned_corridor

Skill      XL: |  1  2 |
---------------+-------+-----
Dodging        | 3 |  3.2
Conjurations   | 4 |  4.2
Stealth        | 3 |  3.0
Spellcasting   | |  2.0

Action                   || total
-------------------------++-------
Melee: Unarmed           ||    11
 Cast: Magic Dart        ||    49
Armor: Skin              ||     1
Dodge: Dodged            ||    26
